A- - U25
OLYMPIA SPARTANS @ NIAGARA FALLS RAPIDS
06/24/2052
 
TOP OF THE 1ST
Atlantic City Jokers batting - Pitching for Vermont Lake Monsters : RHP Sean Pijper
Pitching: RHP Sean Pijper
Batting: LHB Néstor Garrido 0-0: Swinging Strike
0-1: Swinging Strike
0-2: Foul Ball, location: 2F
0-2: Foul Ball, location: 2F
0-2: Ball
1-2: Fly out, F7 (Line Drive, 7S, EV 99.4 MPH)
Batting: RHB Lee Thomas 0-0: Called Strike
0-1: Foul Ball, location: 2F
0-2: Ball
1-2: Foul Ball, location: 2F
1-2: Ball
2-2: Ground out 6-3 (Groundball, 6, EV 93.1 MPH)
Batting: RHB Chase Rochester 0-0: Called Strike
0-1: Ball
1-1: Foul Ball, location: 2F
1-2: Foul Ball, location: 2F
1-2: Foul Ball, location: 2F
1-2: Foul Ball, location: 2F
1-2: Ball
2-2: Ball
3-2: Strikes out swinging
Top of the 1st over - 0 runs, 0 hits, 0 errors, 0 left on base; Atlantic City 0 - Vermont 0
BOTTOM OF THE 1ST
Vermont Lake Monsters batting - Pitching for Atlantic City Jokers : RHP Alvaro Razo
Pitching: RHP Alvaro Razo
Batting: RHB Tyler Soma 0-0: Ball
1-0: Ball
2-0: Called Strike
2-1: SINGLE (Groundball, 3L, EV 96.9 MPH)
Batting: RHB Bailey Edwards 0-0: Ball
1-0: Ball
2-0: TRIPLE (Flyball, 8LXD, EV 88.1 MPH)
Tyler Soma scores
Batting: LHB Harry Chrétien 0-0: Called Strike
0-1: Called Strike
0-2: Strikes out swinging
Batting: LHB Kernick Fortune 0-0: Swinging Strike
0-1: Called Strike
0-2: Foul Ball, location: 2F
0-2: Strikes out swinging
Batting: LHB Cody Patterson 0-0: Ball
1-0: Called Strike
1-1: Swinging Strike
1-2: Ball
2-2: Foul Ball, location: 2F
2-2: Ball
3-2: Foul Ball, location: 2F
3-2: Strikes out swinging
Bottom of the 1st over - 1 run, 2 hits, 0 errors, 1 left on base; Atlantic City 0 - Vermont 1
TOP OF THE 2ND
Atlantic City Jokers batting - Pitching for Vermont Lake Monsters : RHP Sean Pijper
Batting: SHB Luis Ángel Cortez 0-0: Foul Ball, location: 2F
0-1: Called Strike
0-2: Ball
1-2: Foul Ball, location: 2F
1-2: SOLO HOME RUN (Flyball, 89XD, EV 105.0 MPH), Distance : 401 ft
Batting: RHB Martim De Los Santos 0-0: Swinging Strike
0-1: Foul Ball, location: 2F
0-2: Fly out, F4 (Popup, 4D, EV 73.8 MPH)
Batting: RHB Gunner Jung 0-0: Foul Ball, location: 2F
0-1: Ball
1-1: Ball
2-1: Called Strike
2-2: Ball
3-2: Foul Ball, location: 2F
3-2: Fly out, F8 (Line Drive, 8LM, EV 109.4 MPH)
Batting: RHB Kurt Vandyk 0-0: Fly out, F9 (Flyball, 9, EV 88.8 MPH)
Top of the 2nd over - 1 run, 1 hit, 0 errors, 0 left on base; Atlantic City 1 - Vermont 1
BOTTOM OF THE 2ND
Vermont Lake Monsters batting - Pitching for Atlantic City Jokers : RHP Alvaro Razo
Batting: RHB Ruben Hamilton 0-0: Called Strike
0-1: Foul Ball, location: 2F
0-2: Strikes out swinging
Batting: RHB Yordany Monreal 0-0: Called Strike
0-1: Called Strike
0-2: Foul Ball, location: 2F
0-2: Fly out, F9 (Flyball, 9S, EV 83.8 MPH)
Batting: SHB Elias Fertig 0-0: Ball
1-0: SOLO HOME RUN (Flyball, 9D, EV 98.8 MPH), Distance : 375 ft
Batting: SHB Henry Ceron 0-0: Called Strike
0-1: SINGLE (Groundball, 34D, EV 105.0 MPH)
Batting: RHB Tyler Soma 0-0: Foul Ball, location: 2F
0-1: Ground out 4-3 (Groundball, 34, EV 87.5 MPH)
Bottom of the 2nd over - 1 run, 2 hits, 0 errors, 1 left on base; Atlantic City 1 - Vermont 2
TOP OF THE 3RD
Atlantic City Jokers batting - Pitching for Vermont Lake Monsters : RHP Sean Pijper
Batting: RHB Mike Herceg 0-0: Foul Ball, location: 2F
0-1: SINGLE (Line Drive, 56D, EV 95.6 MPH)
Batting: SHB Zat Collett 0-0: Ball
1-0: Foul Ball, location: 2F
1-1: SINGLE (Line Drive, 8LS, EV 99.4 MPH)
Mike Herceg to second
Batting: LHB Néstor Garrido 0-0: Called Strike
0-1: Ball
1-1: Fly out, F8 (Line Drive, 8LD, EV 97.5 MPH)
Batting: RHB Lee Thomas 0-0: Called Strike
0-1: Fly out, F8 (Flyball, 8LS, EV 85.6 MPH)
Batting: RHB Chase Rochester 0-0: Ball
1-0: Fly out, F7 (Line Drive, 7, EV 90.0 MPH)
Top of the 3rd over - 0 runs, 2 hits, 0 errors, 2 left on base; Atlantic City 1 - Vermont 2
BOTTOM OF THE 3RD
Vermont Lake Monsters batting - Pitching for Atlantic City Jokers : RHP Alvaro Razo
Batting: RHB Bailey Edwards 0-0: Called Strike
0-1: Ground out 5-3 (Groundball, 56, EV 82.5 MPH)
Batting: LHB Harry Chrétien 0-0: Ball
1-0: Hit by Pitch
Batting: LHB Kernick Fortune 0-0: Foul Ball, location: 2F
0-1: Ball
1-1: Ball
Harry Chrétien is caught stealing 2nd base 2-6
2-1: Ball
3-1: Swinging Strike
3-2: Base on Balls
Batting: LHB Cody Patterson 0-0: Ball
1-0: Ball
2-0: Swinging Strike
2-1: Foul Ball, location: 2F
2-2: Foul Ball, location: 2F
2-2: Ground out 5-3 (Groundball, 5S, EV 90.6 MPH)
Bottom of the 3rd over - 0 runs, 0 hits, 0 errors, 1 left on base; Atlantic City 1 - Vermont 2
TOP OF THE 4TH
Atlantic City Jokers batting - Pitching for Vermont Lake Monsters : RHP Sean Pijper
Batting: SHB Luis Ángel Cortez 0-0: Ball
1-0: Swinging Strike
1-1: Foul Ball, location: 2F
1-2: Strikes out swinging
Batting: RHB Martim De Los Santos 0-0: Called Strike
0-1: Swinging Strike
0-2: DOUBLE (Groundball, 3L, EV 95.6 MPH)
Batting: RHB Gunner Jung 0-0: Foul Ball, location: 2F
0-1: Swinging Strike
0-2: Foul Ball, location: 2F
0-2: Ball
1-2: Strikes out swinging
Batting: RHB Kurt Vandyk 0-0: Ball
1-0: Fly out, F8 (Line Drive, 8RD, EV 99.4 MPH)
Top of the 4th over - 0 runs, 1 hit, 0 errors, 1 left on base; Atlantic City 1 - Vermont 2
BOTTOM OF THE 4TH
Vermont Lake Monsters batting - Pitching for Atlantic City Jokers : RHP Alvaro Razo
Batting: RHB Ruben Hamilton 0-0: Ball
1-0: Called Strike
1-1: Called Strike
1-2: SINGLE (Groundball, 34S, EV 93.8 MPH)
Batting: RHB Yordany Monreal 0-0: Swinging Strike
0-1: Ball
1-1: Ball
2-1: Ball
3-1: Foul Ball, location: 2F
3-2: Fly out, F9 (Flyball, 9S, EV 96.9 MPH)
Batting: SHB Elias Fertig 0-0: Ball
1-0: Ball
2-0: Called Strike
2-1: Ball
3-1: Base on Balls
Ruben Hamilton to second
Batting: SHB Henry Ceron 0-0: Called Strike
0-1: Called Strike
0-2: Strikes out looking
Batting: RHB Tyler Soma 0-0: Swinging Strike
0-1: SINGLE (Flyball, 89S, EV 90.0 MPH)
Ruben Hamilton to third
Elias Fertig to second
Runner from 3rd tries for Home, SAFE, throw by RF to home
Batting: RHB Bailey Edwards 0-0: Called Strike
0-1: Fielders Choice at 2nd, 6-4 (Groundball, 6, EV 92.5 MPH)
Bottom of the 4th over - 1 run, 2 hits, 0 errors, 2 left on base; Atlantic City 1 - Vermont 3
TOP OF THE 5TH
Atlantic City Jokers batting - Pitching for Vermont Lake Monsters : RHP Sean Pijper
Batting: RHB Mike Herceg 0-0: Ball
1-0: Ground out 4-3 (Groundball, 4, EV 89.4 MPH)
Batting: SHB Zat Collett 0-0: Fly out, F6 (Popup, 6, EV 55.0 MPH)
Batting: LHB Néstor Garrido 0-0: Hit by Pitch
Batting: RHB Lee Thomas 0-0: Ball
1-0: Called Strike
1-1: Swinging Strike
1-2: Fly out, F2 (Popup, 23F, EV 85.0 MPH)
Top of the 5th over - 0 runs, 0 hits, 0 errors, 1 left on base; Atlantic City 1 - Vermont 3
BOTTOM OF THE 5TH
Vermont Lake Monsters batting - Pitching for Atlantic City Jokers : RHP Alvaro Razo
Batting: LHB Harry Chrétien 0-0: Called Strike
0-1: Called Strike
0-2: Ball
1-2: Ball
2-2: Strikes out looking
Batting: LHB Kernick Fortune 0-0: Called Strike
0-1: Swinging Strike
0-2: Ground out 4-3 (Groundball, 4S, EV 68.1 MPH)
Batting: LHB Cody Patterson 0-0: Called Strike
0-1: Called Strike
0-2: Ball
1-2: Ball
2-2: Strikes out swinging
Bottom of the 5th over - 0 runs, 0 hits, 0 errors, 0 left on base; Atlantic City 1 - Vermont 3
TOP OF THE 6TH
Atlantic City Jokers batting - Pitching for Vermont Lake Monsters : RHP Sean Pijper
Batting: RHB Chase Rochester 0-0: Ball
1-0: Reached on error, E6 (Groundball, 56, EV 91.9 MPH)
Batting: SHB Luis Ángel Cortez 0-0: Foul Ball, location: 2F
0-1: Foul Ball, location: 2F
0-2: Ball
1-2: Strikes out swinging
Batting: RHB Martim De Los Santos 0-0: Ball
1-0: Ball
2-0: Fly out, F3 (Popup, 3SF, EV 86.9 MPH)
Batting: RHB Gunner Jung 0-0: Called Strike
0-1: Ball
1-1: Swinging Strike
1-2: Ball
2-2: Fly out, F7 (Flyball, 7S, EV 90.6 MPH)
Top of the 6th over - 0 runs, 0 hits, 1 error, 1 left on base; Atlantic City 1 - Vermont 3
BOTTOM OF THE 6TH
Vermont Lake Monsters batting - Pitching for Atlantic City Jokers : RHP Alvaro Razo
Pitching: LHP Mason Edmundson
Batting: RHB Ruben Hamilton 0-0: Ball
1-0: Ball
2-0: Ground out U3 (Groundball, 34, EV 108.8 MPH)
Batting: RHB Yordany Monreal 0-0: Called Strike
0-1: Ball
1-1: Called Strike
1-2: Strikes out swinging
Batting: SHB Elias Fertig 0-0: Fly out, F7 (Flyball, 7LS, EV 92.5 MPH)
Bottom of the 6th over - 0 runs, 0 hits, 0 errors, 0 left on base; Atlantic City 1 - Vermont 3
TOP OF THE 7TH
Atlantic City Jokers batting - Pitching for Vermont Lake Monsters : RHP Sean Pijper
Batting: RHB Kurt Vandyk 0-0: Ground out 5-3 (Groundball, 5, EV 85.0 MPH)
Batting: RHB Mike Herceg 0-0: Ball
1-0: Ball
2-0: SINGLE (Groundball, 56D, EV 104.4 MPH)
Batting: SHB Zat Collett 0-0: Called Strike
0-1: Swinging Strike
0-2: Ball
1-2: Ball
2-2: Ball
3-2: Strikes out swinging
Batting: LHB Néstor Garrido 0-0: Ground out 4-3 (Groundball, 4, EV 89.4 MPH)
Top of the 7th over - 0 runs, 1 hit, 0 errors, 1 left on base; Atlantic City 1 - Vermont 3
BOTTOM OF THE 7TH
Vermont Lake Monsters batting - Pitching for Atlantic City Jokers : LHP Mason Edmundson
Batting: SHB Henry Ceron 0-0: Foul Ball, location: 2F
0-1: Swinging Strike
0-2: Ball
1-2: Strikes out swinging
Batting: RHB Tyler Soma 0-0: Ball
1-0: Called Strike
1-1: Swinging Strike
1-2: Strikes out swinging
Batting: RHB Bailey Edwards 0-0: Ball
1-0: Called Strike
1-1: Called Strike
1-2: Ball
2-2: Foul Ball, location: 2F
2-2: Ball
3-2: Foul Ball, location: 2F
3-2: Foul Ball, location: 2F
3-2: Strikes out swinging
Bottom of the 7th over - 0 runs, 0 hits, 0 errors, 0 left on base; Atlantic City 1 - Vermont 3
TOP OF THE 8TH
Atlantic City Jokers batting - Pitching for Vermont Lake Monsters : RHP Sean Pijper
Batting: RHB Lee Thomas 0-0: Swinging Strike
0-1: Called Strike
0-2: Ball
1-2: Reached on error, E4 (Groundball, 4, EV 82.5 MPH)
Batting: RHB Chase Rochester 0-0: Swinging Strike
0-1: Foul Ball, location: 2F
0-2: Ball
1-2: Ball
2-2: Foul Ball, location: 2F
2-2: Foul Ball, location: 2F
2-2: Strikes out swinging
Pitching: LHP Brian Goldberg
Batting: SHB Luis Ángel Cortez 0-0: Ball
1-0: Foul Ball, location: 2F
1-1: Foul Ball, location: 2F
1-2: Ball
2-2: Fielders Choice at 2nd, 6-4 (Groundball, 6D, EV 90.0 MPH)
Batting: RHB Martim De Los Santos 0-0: Called Strike
0-1: Foul Ball, location: 2F
0-2: Ball
1-2: Foul Ball, location: 2F
1-2: Ground out 4-3 (Groundball, 4, EV 84.4 MPH)
Top of the 8th over - 0 runs, 0 hits, 1 error, 1 left on base; Atlantic City 1 - Vermont 3
BOTTOM OF THE 8TH
Vermont Lake Monsters batting - Pitching for Atlantic City Jokers : LHP Mason Edmundson
Batting: LHB Harry Chrétien 0-0: Called Strike
0-1: Foul Ball, location: 2F
0-2: Strikes out swinging
Batting: LHB Kernick Fortune 0-0: Ball
1-0: Fly out, F9 (Flyball, 9S, EV 86.2 MPH)
Batting: LHB Cody Patterson 0-0: Swinging Strike
0-1: Foul Ball, location: 2F
0-2: Ball
1-2: Strikes out swinging
Bottom of the 8th over - 0 runs, 0 hits, 0 errors, 0 left on base; Atlantic City 1 - Vermont 3
TOP OF THE 9TH
Atlantic City Jokers batting - Pitching for Vermont Lake Monsters : LHP Brian Goldberg
Now at 1B: Elijah Oakley
Now in RF: Roland Falero
Batting: RHB Gunner Jung 0-0: Swinging Strike
0-1: Swinging Strike
0-2: Ground out 6-3 (Groundball, 56, EV 106.9 MPH)
Batting: RHB Kurt Vandyk 0-0: Ground out 6-3 (Groundball, 6, EV 77.5 MPH)
Batting: RHB Mike Herceg 0-0: Ball
1-0: Foul Ball, location: 2F
1-1: Swinging Strike
1-2: Fly out, F9 (Flyball, 9, EV 82.5 MPH)
Top of the 9th over - 0 runs, 0 hits, 0 errors, 0 left on base; Atlantic City 1 - Vermont 3
Friday, April 26th , 2024 - OOTP Baseball 24.11 Build 85